Unix NetHack Version 5.0.0-0 post-release - last build May  4 2026 22:22:43 (774f63e81ad911689b3a0859ea89b322d5daca8d,branch:main).

Game began 2026-05-07 08:31:11, ended 2026-05-07 09:40:55.

240097512, neutral female human Valkyrie

                                    ------
                         -----      |.....
                         |.>.|   o@e-d..!|
                         |...|  ##  |....|
                         |...-###   |.<..|
                         --.--      |.....
                                    ------

240097512 the Stripling     St:18/01 Dx:15 Co:18 In:10 Wi:9 Ch:5  Neutral
Dlvl:4  $:59 HP:0(22) Pw:6(6) AC:6  Xp:2 T:1626 

Latest messages:
 You have a little trouble lifting a jackal corpse.  Continue? [ynq] (q) n
 You swap places with your dog.
 Your dog eats a jackal corpse.
 You descend the stairs.
 The dog bites the floating eye.
 The dog is frozen by the floating eye's gaze!
 You see here 2 lembas wafers.
 o - 2 lembas wafers.
 The dog doesn't seem to move!
 You stop.  Your dog is in the way!
 You stop.  Your dog is in the way!
 The dog doesn't seem to move!
 The dog doesn't seem to move!
 The dog doesn't seem to move!
 You stop.  Your dog is in the way!
 The goblin hits!
 The dog doesn't seem to move!
 The dog doesn't seem to move!
 The goblin hits!
 You see here a statue of a cave spider.
 This door is locked.
 Unlock it with your key? [ynq] (q) y
 You succeed in unlocking the door.
 The door opens.
 You descend the stairs.
 The gnome wields a bow!
 You climb up the stairs.
 The goblin misses!
 Are you waiting to get hit?  Use 'm' prefix to force a no-op (to rest).
 The goblin hits!
 You hit the floating eye!
 You are frozen by the floating eye's gaze!
 The goblin hits!
 The goblin hits!
 The goblin hits!
 The goblin hits!
 The goblin hits!
 The goblin hits!
 The goblin hits!
 The goblin hits!
 The goblin hits!
 The goblin hits!
 The goblin hits!
 The goblin hits!
 You die...
 Do you want your possessions identified? [ynq] (y) y
 Do you want to see your attributes? [ynq] (y) y
 Do you want an account of creatures vanquished? [ynaq] (y) y
 Do you want to see your conduct and achievements? [ynq] (y) y
 Do you want to see the dungeon overview? [ynq] (y) y

Inventory:
 Coins    ('$')
  $ - 59 gold pieces
 Weapons  (')')
  b - a +0 dagger (alternate weapon; not wielded)
  a - a +1 spear (weapon in left hand)
 Armor    ('[')
  c - an uncursed +3 small shield (being worn)
  m - an uncursed +0 banded mail
  n - a blessed +1 scale mail
 Comestibles  ('%')
  e - 2 uncursed slime molds
  d - an uncursed food ration
  o - 2 uncursed lembas wafers
  l - an uncursed tin of smoked gecko meat
  g - an uncursed lichen corpse
 Scrolls  ('?')
  j - an uncursed scroll of enchant armor
 Potions  ('!')
  h - an uncursed potion of extra healing
 Tools    ('(')
  i - an uncursed skeleton key
  k - an uncursed towel
 Gems/Stones  ('*')
  f - an uncursed worthless piece of red glass

240097512 the Valkyrie's attributes:

Background:
 You were a Stripling, a level 2 human Valkyrie.
 You were neutral, nominally on a mission for Odin
 who was opposed by Tyr (lawful) and Loki (chaotic).
 You were left-handed.
 You were in the Dungeons of Doom, on level 4.
 You entered the dungeon 1626 turns ago.
 You had 20 experience points, 20 more were needed to attain level 3.

Basics:
 You had 0 out of 22 hit points.
 You had all 6 energy points (spell power).
 Your armor class was 6.
 Your wallet contained 59 zorkmids.
 Autopickup was off.

Final Characteristics:
 Your strength was 18/01 (limit:18/100).
 Your dexterity was 15 (limit:18).
 Your constitution was 18 (limit:18).
 Your intelligence was 10 (limit:18).
 Your wisdom was 9 (limit:18).
 Your charisma was 5 (limit:18).

Final Status:
 You weren't hungry.
 You were unencumbered.
 You were wielding a spear.
 You had basic skill with spear.

Final Attributes:
 You were nominally aligned.
 You were cold resistant.
 You are dead.

Miscellaneous:
 You didn't encounter any bones levels.
 Total elapsed playing time was 54 minutes and 30 seconds.

Major events:
 Turn
    1: 240097512 the neutral human Valkyrie entered the dungeon
 1571: entered the Gnomish Mines
 1626: killed by a goblin, while frozen by a floating eye's gaze

You didn't know any spells.

Skills:
 Fighting Skills
   bare handed combat [Unskilled]
   two weapon combat  [Unskilled]
   riding             [Unskilled]
 Weapon Skills
   dagger             [Basic]
   axe                [Unskilled]
   pick-axe           [Unskilled]
   short sword        [Unskilled]
   broadsword         [Unskilled]
   long sword         [Unskilled]
   two-handed sword   [Unskilled]
   saber              [Unskilled]
   hammer             [Unskilled]
   quarterstaff       [Unskilled]
   polearms           [Unskilled]
   spear              [Basic]
   trident            [Unskilled]
   lance              [Unskilled]
   sling              [Unskilled]
 Spellcasting Skills
   attack spells      [Unskilled]
   escape spells      [Unskilled]

Voluntary challenges:
 Character rerolling was not enabled.
 You followed a strict vegan diet.
 You were an atheist.
 You were illiterate.
 You never genocided any monsters.
 You never polymorphed an object.
 You never changed form.
 You used no wishes.
Achievement:
 You entered the Gnomish Mines.

 The Dungeons of Doom: levels 1 to 4
    Level 1:
       A fountain.
    Level 2:
       Some fountains.
    Level 3:
       An altar to Odin, a grave.
    Level 4: <- You were here.
       Stairs down to The Gnomish Mines.
       Final resting place for
          you, killed by a goblin, while frozen by a floating eye's gaze.
 The Gnomish Mines:
    Level 5:


Vanquished creatures:
  a gas spore
  a hobbit
  a green mold
  4 geckos
  5 jackals
  3 goblins
  2 grid bugs
  4 lichens
  6 newts
27 creatures vanquished.

No species were genocided or became extinct.

Game over:
                       ----------
                      /          \
                     /    REST    \
                    /      IN      \
                   /     PEACE      \
                  /                  \
                  |    240097512     |
                  |      59 Au       |
                  |   killed by a    |
                  |      goblin      |
                  |                  |
                  |                  |
                  |       2026       |
                 *|     *  *  *      | *
        _________)/\\_//(\/(/\)/\//\/|_)_______

Farvel 240097512 the Valkyrie...

You died in The Dungeons of Doom on dungeon level 4 with 334 points,
and 59 pieces of gold, after 1626 moves.
You were level 2 with a maximum of 22 hit points when you died.

